 Dungeon Crawl Stone Soup version 0.22-a0-609-gfedc9ff (webtiles) character file.

940 kae the Cudgeler (level 7, -7/62 HPs)
             Began as a Minotaur Fighter on July 10, 2018.
             Killed from afar by a steam dragon (25 damage)
             ... with a ball of steam
             ... on level 5 of the Dungeon.
             The game lasted 00:03:19 (3049 turns).

kae the Cudgeler (Minotaur Fighter)                 Turns: 3049, Time: 00:03:20

Health: -7/62      AC:  8    Str: 21    XL:     7   Next: 88%
Magic:  6/6        EV: 11    Int:  6    God:
Gold:   185        SH:  4    Dex: 10    Spells: 6/6 levels left

rFire    . . .     SeeInvis .   a - +1 flail
rCold    . . .     Gourm    .   o - +0 buckler
rNeg     . . .     Faith    .   b - +0 scale mail
rPois    .         Spirit   .   (helmet restricted)
rElec    .         Reflect  .   (no cloak)
rCorr    +         Harm     .   h - +0 pair of gloves
MR       .....                  (no boots)
Stlth    ..........             (no amulet)
HPRegen  0.20/turn              n - ring of resist corrosion
MPRegen  0.10/turn              (no ring)

@: no status effects
A: retaliatory headbutt, horns 2
a: no special abilities


You were on level 5 of the Dungeon.
You were not hungry.

You visited 1 branch of the dungeon, and saw 5 of its levels.

You collected 224 gold pieces.
You spent 39 gold pieces at shops.

Inventory:

Hand Weapons
 a - a +1 flail (weapon)
Armour
 b - a +0 scale mail (worn)
 c - a +0 shield
 h - a +0 pair of gloves (worn)
 o - a +0 buckler (worn)
Jewellery
 j - an uncursed ring of protection from cold {unknown}
 n - a ring of resist corrosion (left hand)
Wands
 s - a wand of acid (12)
Scrolls
 k - a scroll of enchant weapon
 m - 3 scrolls of remove curse
 q - a scroll of blinking
Potions
 d - 2 potions of might
 e - a potion of flight
 g - a potion of agility
 i - a potion of lignification {unknown}
 l - 2 potions of haste
 p - a potion of magic {unknown}
 r - 2 potions of curing
 u - 2 potions of cancellation {unknown}
Comestibles
 f - 6 rations
 t - a chunk of flesh


   Skills:
 + Level 5.9 Fighting
 * Level 7.1 Maces & Flails
 + Level 6.0 Armour
 + Level 4.1 Dodging
 - Level 4.0 Shields


You had 6 spell levels left.
You didn't know any spells.
Your spell library was empty.

Dungeon Overview and Level Annotations

Branches:
Dungeon (5/15)
 Temple: D:4-7

Altars:
Nemelex Xobeh
Trog
Vehumet
Yredelemnul
Zin

Shops:
D:4 *}


Innate Abilities, Weirdness & Mutations

You reflexively headbutt those who attack you in melee.
You have a pair of horns on your head.


Message History

The steam dragon claws you but does no damage.
You closely miss the steam dragon. Your headbutt misses the steam dragon.
The steam dragon breathes steam at you. The ball of steam misses you.
You completely miss the steam dragon. Your headbutt misses the steam dragon.
You are engulfed in a cloud of scalding steam.
The steam dragon bites you.
The steam dragon claws you but does no damage.
You sock the steam dragon!
The steam dragon is moderately wounded.
You are engulfed in a cloud of scalding steam.
The steam dragon bites you. The steam dragon barely misses you.
You hit the steam dragon but do no damage.
You headbutt the steam dragon.
The steam dragon is moderately wounded.
You are engulfed in a cloud of scalding steam.
* * * LOW HITPOINT WARNING * * *
The steam dragon breathes steam at you. The ball of steam hits you!
You die...

#..........#....†...##
###..###.?...##.....#.....
.....#.......#........####
##...#.......#....###.###
#......_.........# ...
###.......#..##.## .### ##
#.......#..##§###..####
.###.....###..##§§..%.....
#.##..........##@###.###.#
##.#####......##D# #
###.##...#######.#
........## #.# .......##
#.# ...##### #.# ...# #..
...# ### .###


You could see a steam dragon.

Vanquished Creatures
  An ice beast (D:4)
  A sky beast (D:5)
  An ogre (D:4)
  A phantom (D:4)
  3 scorpions
  A hound (D:4)
  An orc priest (D:3)
  A bullfrog skeleton (D:2)
  2 iguanas (D:4)
  Natasha (D:2)
  An orc wizard (D:3)
  2 worker ants
  A hound skeleton (D:4)
  A howler monkey skeleton (D:4)
  7 adders
  2 oozes
  2 worms (D:4)
  2 dart slugs
  5 leopard geckos
  8 orcs
  2 ball pythons
  7 bats
  9 hobgoblins
  9 jackals
  A quokka (D:3)
  6 frilled lizards
  5 goblins
  A jackal skeleton (D:4)
  6 kobolds
  A quokka skeleton (D:4)
  9 rats
100 creatures vanquished.

Notes
Turn   | Place    | Note
-------+----------+-------------------------------------------
     0 | D:1      | kae the Minotaur Fighter began the quest for the Orb.
     0 | D:1      | Reached XP level 1. HP: 19/19 MP: 0/0
   228 | D:1      | Reached XP level 2. HP: 25/27 MP: 1/1
   357 | D:1      | Reached skill level 3 in Maces & Flails
   590 | D:2      | Reached skill level 1 in Dodging
   644 | D:2      | Reached XP level 3. HP: 33/33 MP: 2/2
   915 | D:2      | Noticed Natasha
   920 | D:2      | Killed Natasha
   920 | D:2      | Reached XP level 4. HP: 32/40 MP: 3/3
  1039 | D:3      | Reached skill level 4 in Maces & Flails
  1043 | D:3      | Reached XP level 5. HP: 11/47 MP: 4/4
  1724 | D:3      | Reached skill level 5 in Maces & Flails
  1877 | D:3      | Reached XP level 6. HP: 46/55 MP: 5/5
  2166 | D:4      | Found a glowing silver altar of Zin.
  2192 | D:4      | Found a basalt altar of Yredelemnul.
  2234 | D:3      | Reached skill level 5 in Fighting
  2234 | D:3      | Reached skill level 5 in Armour
  2466 | D:4      | Noticed an ice beast
  2475 | D:4      | Killed an ice beast
  2475 | D:4      | Reached skill level 6 in Maces & Flails
  2475 | D:4      | Reached XP level 7. HP: 61/61 MP: 6/6
  2517 | D:4      | Found a bloodstained altar of Trog.
  2526 | D:4      | Found Animinti's General Store.
  2548 | D:4      | Bought a potion of curing for 39 gold pieces
  2766 | D:4      | Found Pag Asot's Gadget Shop.
  2909 | D:5      | Entered Level 5 of the Dungeon
  2958 | D:5      | Found a sparkling altar of Nemelex Xobeh.
  3015 | D:5      | Found a radiant altar of Vehumet.
  3028 | D:5      | Reached skill level 7 in Maces & Flails
  3038 | D:5      | Noticed a steam dragon
  3049 | D:5      | Killed from afar by a steam dragon

Vault maps used:
D:1:      dpeg_arrival_water_temple_mockup, minmay_pentomino_r2
D:2:      uniq_natasha
D:4:      grunt_temple_overflow_open, overflow_temple_1_default, first_ration,
          serial_shops, nicolae_shop_trees, shop
D:5:      lemuel_crystal_altar, chequers_temple_overflow_statue_of_worship,
          kennysheep_little_box, nicolae_overflow_crystal_walls, basic_altar,
          minmay_ogre_servants, uniq_menkaure

Skill      XL: |  1  2  3  4  5  6  7 |
---------------+----------------------+-----
Maces & Flails | 3 4 5 6 7 |  7.1
Dodging        | 1 2 3 4 |  4.1
Armour         | 4 5 6 |  6.0
Fighting       | 4 5 |  5.9
Shields        | 4 |  4.0

Action                   |  1- 3 |  4- 6 |  7- 9 || total
-------------------------+-------+-------+-------++-------
Melee: Flail             |    76 |   146 |    71 ||   293
       Headbutt          |     7 |    15 |    18 ||    40
  Use: Scroll            |       |     7 |     3 ||    10
       Potion            |       |     4 |       ||     4
  Eat: Chunk             |       |     5 |     2 ||     7
Armor: Scale mail        |    36 |    66 |    31 ||   133
Dodge: Dodged            |    35 |    80 |    32 ||   147
Block: Shield            |    20 |       |       ||    20
       Buckler           |     4 |    22 |     8 ||    34

Table legend:
 A = Spawn XP
 B = Non-spawn XP
 C = Spawn XP percentage of total XP
 D = Spawn monster count
 E = Non-spawn monster count
 F = Spawn count percentage of total count
 G = Total turns spent on level
                    A         B        C        D         E        F      G
               +---------+---------+-------+---------+---------+-------+---------
         Total |       0 |    1343 |   0.0 |       0 |     100 |   0.0 |  3049
               +---------+---------+-------+---------+---------+-------+---------
           D:1 |       0 |      27 |   0.0 |       0 |      14 |   0.0 |   537
           D:2 |       0 |     105 |   0.0 |       0 |      21 |   0.0 |   435
           D:3 |       0 |     296 |   0.0 |       0 |      36 |   0.0 |  1333
           D:4 |       0 |     785 |   0.0 |       0 |      27 |   0.0 |   604
           D:5 |       0 |     130 |   0.0 |       0 |       2 |   0.0 |   140
               +---------+---------+-------+---------+---------+-------+---------
